 Dungeon Crawl Stone Soup version 0.30-a0-459-g9104f0fc43 (webtiles) character file.

Game seed: 4095964020529352345

2 drugrobin the Sneak (level 1, -2/18 HPs)
             Began as a Demigod Delver on Dec 15, 2022.
             Killed by divine providence
             ... invoked by an orc priest
              (14 damage)
             ... on level 4 of the Dungeon.
             The game lasted 00:03:21 (267 turns).

drugrobin the Sneak (Demigod Delver)                 Turns: 267, Time: 00:03:22

Health: -2/18      AC:  3    Str: 13    XL:     1   Next: 26%
Magic:  3/3        EV: 11    Int: 12    God:
Gold:   10         SH:  0    Dex: 15    Spells: 0/0 levels left

rFire   . . .      SeeInvis .    a - +0 falchion
rCold   . . .      Faith    .    (no shield)
rNeg    . . .      Spirit   .    b - +0 leather armour
rPois   .          Reflect  .    (no helmet)
rElec   .          Harm     .    (no cloak)
rCorr   .          Rampage  .    (no gloves)
Will    .....                    (no boots)
Stlth   +++.......               (no amulet)
HPRegen 0.23/turn                (no ring)
MPRegen 0.08/turn                (no ring)

@: no status effects
A: high MP 1, forlorn, divine attributes
a: no special abilities


You were on level 4 of the Dungeon.
You visited 1 branch of the dungeon, and saw 2 of its levels.

You collected 10 gold pieces.

Inventory:

Hand Weapons
 a - a +0 falchion (weapon)
 j - a +2 flail of protection
Armour
 b - a +0 leather armour (worn)
Wands
 g - a wand of digging (2)
Scrolls
 c - a scroll of fog
 d - a scroll of magic mapping
 e - a scroll of noise {unknown}
Potions
 f - a potion of attraction {unknown}
 i - 2 potions of haste
 k - a potion of heal wounds {unknown}


   Skills:
 - Level 2.6 Fighting
 + Level 2.0 Long Blades
 - Level 1.7 Dodging
 - Level 4.5 Stealth


You couldn't memorise any spells.
You didn't know any spells.
Your spell library was empty.

Dungeon Overview and Level Annotations

Branches:
Dungeon (5/15)
 Temple: D:4-7

Shops:
D:4 (


Innate Abilities, Weirdness & Mutations

You have an increased reservoir of magic. (+10% MP)
You shall have no god before yourself.
Your divine heritage dramatically boosts your attributes as you level up.


Message History

The boomerang hits you.
Unknown command.
Unknown command.
Unknown command.
Something hits you but does no damage. The orc barely misses you.
The howler monkey hoots and howls with incredible vigour!
The orc attacks as you move away! The orc hits you with a +0 mace.
Aiming: Dig
Press: ? - help, Shift-Dir - straight line A rock wall.
The rock shatters into small pieces.
The orc hits you but does no damage.
Unknown command.
The orc attacks as you move away! The orc hits you with a +0 mace.
* * * LOW HITPOINT WARNING * * *
Unknown command.
Unknown command.
As you read the scroll of fear, it crumbles to dust.
You assume a fearsome visage.
The howler monkey looks frightened!
The orc looks frightened! x4
You see here a scroll labelled DECZET FEYVAG.
e - a scroll labelled DECZET FEYVAG Unknown command.
Unknown command.
An orc comes into view. It is wielding a +0 war axe.
The orc shouts!
You hear a shout! x3
An orc comes into view. It is wielding a +0 dagger.
Unknown command.
An orc comes into view. It is wielding a +0 dagger.
Unknown command.
You barely miss the orc.
The orc shouts!
An orc priest comes into view. It is wielding a +0 trident.
The orc barely misses you. The orc misses you.
An orc priest comes into view. It is wielding a +0 hand axe.
You hit the orc.
The orc is almost dead.
The orc priest invokes the aid of Beogh against you.
Beogh smites you!
Ouch! That really hurt!
You die...

### #### ##.## ###..#
##...# ##....#
...##....# ##......
...o.oo@.## ##...#...
oo..#.....######..#####.
. ###.....##...## ##
###.......## # ###...###
#####


You could see 2 orc priests and 3 orcs.

Vanquished Creatures
  A giant cockroach (D:4)
  A hobgoblin (D:4)
2 creatures vanquished.

Vanquished Creatures (others)
  8 toadstools (D:4)
8 creatures vanquished.

Grand Total: 10 creatures vanquished

Notes
Turn   | Place    | Note
-------+----------+-------------------------------------------
     0 | D:5      | drugrobin the Demigod Delver began the quest for the Orb.
     0 | D:5      | Reached XP level 1. HP: 18/18 MP: 3/3
    10 | D:5      | Noticed an iguana
    53 | D:4      | Noticed a hound
   124 | D:4      | Noticed an iguana
   158 | D:4      | Noticed a howler monkey
   187 | D:4      | Found Ceurchue's Antique Weapon Shop.
   211 | D:4      | Noticed an orc wizard
   266 | D:4      | Noticed an orc priest
   266 | D:4      | Noticed an orc priest
   267 | D:4      | Killed from afar by an orc priest

Illustrated notes

Levels and vault maps discovered:
D:4:      cheibrodos_fertilizer, layout_layer_cave, serial_shops,
          nicolae_shop_waterfront
D:5:      layout_cave_pods

Skill      XL: |  1 |
---------------+----+-----
Long Blades    | 2 |  2.0
Fighting       | |  2.6
Dodging        | |  1.7
Stealth        | |  4.5

Action                   || total
-------------------------++-------
Melee: Falchion          ||     8
Evoke: Wand              ||     1
  Use: Scroll            ||     2
       Potion            ||     1
Armor: Leather armour    ||     3
Dodge: Dodged            ||     4

Table legend: (Time is in decaauts)
 A = Elapsed time spent in this place.
 B = Non-inter-level travel time spent in this place.
 C = Inter-level travel time spent in this place.
 D = Time resting spent in this place.
 E = Time spent auto-exploring this place.
 F = Levels seen in this place.
 G = Mean time per level.
                   A        B        C        D        E       F      G
               +--------+--------+--------+--------+--------+-----+--------+
         Total |    252 |    252 |      0 |      0 |     53 |   2 |  126.0 |
       Dungeon |    252 |    252 |      0 |      0 |     53 |   2 |  126.0 |
               +--------+--------+--------+--------+--------+-----+--------+

Top non-repeatable levels by time:
     D:4: 194 daAuts
     D:5: 58 daAuts
